 Dungeon Crawl Stone Soup version 0.20-a0-1122-gb7cbeb9 (webtiles) character file.

16 Chaoticas the Magician (level 2, -3/15 HPs)
             Began as a Deep Elf Wizard on May 11, 2017.
             Slain by a goblin
             ... wielding a +0 dagger
             ... led by Robin
              (4 damage)
             ... on level 1 of the Dungeon.
             The game lasted 00:02:13 (1381 turns).

Chaoticas the Magician (Deep Elf Wizard)            Turns: 1381, Time: 00:02:14

Health: -3/15      AC:  2    Str:  4    XL:     2   Next: 41%
Magic:  4/9        EV: 12    Int: 22    God:
Gold:   99         SH:  5    Dex: 13    Spells: 8/9 levels left

rFire    . . .     SeeInvis .   (no weapon)
rCold    . . .     Gourm    .   l - +2 buckler
rNeg     . . .     Faith    .   a - +0 robe
rPois    .         Spirit   .   b - +0 hat
rElec    .         Reflect  .   (no cloak)
rCorr    .         Harm     .   (no gloves)
MR       .....                  (no boots)
Stlth    ++........             (no amulet)
Regen    0.1/turn               (no ring)
MPRegen  0.2/turn               (no ring)

@: no status effects
A: no striking features
a: no special abilities


You were on level 1 of the Dungeon.
You were not hungry.

You visited 1 branch of the dungeon, and saw 2 of its levels.

You collected 99 gold pieces.

Inventory:

Armour
 a - a +0 robe (worn)
 b - a +0 hat (worn)
 l - a +2 buckler (worn)
   (You found it on level 1 of the Dungeon)
Scrolls
 f - 5 scrolls of teleportation {unknown}
 j - a scroll of fog {unknown}
 k - a scroll of remove curse {unknown}
Potions
 e - a potion of magic {unknown}
 g - a potion of berserk rage {unknown}
 h - a potion of lignification {unknown}
Books
 c - a book of Minor Magic

   Spells                             Type                      Level
   a - Magic Dart                     Conjuration                  1
   b - Blink                          Translocation                2
   c - Call Imp                       Summoning                    2
   d - Slow                           Hexes                        2
   e - Conjure Flame                  Conjuration/Fire             3
   f - Mephitic Cloud                 Conjuration/Poison/Air       3
Comestibles
 d - a bread ration
 i - 2 fruits
 m - a meat ration


   Skills:
 * Level 3.2 Dodging
 - Level 2.4 Stealth
 * Level 0.1 Shields
 + Level 4.4 Spellcasting
 * Level 1.8 Conjurations
   Level 1.1 Summonings
   Level 1.1 Translocations


You had 8 spell levels left.
You knew the following spells:

 Your Spells              Type           Power        Failure   Level  Hunger
a - Magic Dart            Conj           ##..         9%          1    None


Dungeon Overview and Level Annotations

Branches:
Dungeon (2/15)

Altars:

Annotations:
D:2 Robin


Message History

Casting: Magic Dart
Confirm with . or Enter, or press ? or * to list all spells.
Aiming: Magic Dart
Press: ? - help, Shift-Dir - straight line, f/p - hobgoblin
Aim: a hobgoblin, wielding a club (heavily wounded)
The magic dart hits the hobgoblin.
The hobgoblin is almost dead.
The goblin shouts!
The hobgoblin shouts! x2
You block the goblin's attack. Robin throws the goblin at you!
The goblin hits you but does no damage.
An adder, a goblin and a hobgoblin come into view.
The adder hisses angrily.
The goblin hits you with a dagger.
* * * LOW HITPOINT WARNING * * *
The goblin barely misses you.
There is a stone staircase leading up here.
The goblin barely misses you.
Robin roars a battlecry!
The goblins go into a battle-frenzy!
You climb upwards.
There is a stone staircase leading down here.
Casting: Magic Dart
Confirm with . or Enter, or press ? or * to list all spells.
Aiming: Magic Dart
Press: ? - help, Shift-Dir - straight line, f - goblin
Aim: a goblin The magic dart hits the goblin.
The goblin is moderately wounded.
The goblin closely misses you. The goblin hits you with a dagger.
* * * LOW HITPOINT WARNING * * *
The goblin closely misses you.
Casting: Magic Dart
Confirm with . or Enter, or press ? or * to list all spells.
Aiming: Magic Dart
Press: ? - help, Shift-Dir - straight line, f/p - goblin
Aim: a goblin The magic dart hits the goblin.
The goblin is severely wounded.
The goblin barely misses you. The goblin hits you with a dagger.
* * * LOW HITPOINT WARNING * * *
The goblin closely misses you.
Casting: Magic Dart
Confirm with . or Enter, or press ? or * to list all spells.
Aiming: Magic Dart
Press: ? - help, Shift-Dir - straight line, f/p - goblin
Aim: a goblin (severely wounded)
The magic dart hits the goblin.
You kill the goblin!
The goblin hits you with a dagger.
You die...

#.############################
#.# #.# #.# #.# #.# ###### #
#.# #....# #
##.##################....######
#.............@g....'..........
#######........g..###....######
#...........# #....#
#...........# #....#
#...........# #....# ###
#...........###....####..
#...........'............
#...........###########..
#...........# #..


You could see 2 goblins.

Vanquished Creatures
  2 bats
  4 hobgoblins (D:1)
  2 jackals (D:1)
  A frilled lizard (D:1)
  2 goblins (D:1)
  A kobold (D:1)
  4 rats
16 creatures vanquished.

Notes
Turn   | Place    | Note
-------+----------+-------------------------------------------
     0 | D:1      | Chaoticas the Deep Elf Wizard began the quest for the Orb.
     0 | D:1      | Reached XP level 1. HP: 10/10 MP: 7/7
   481 | D:1      | Reached XP level 2. HP: 14/15 MP: 6/9
   581 | D:1      | Reached skill level 3 in Dodging
  1372 | D:2      | Noticed Robin
  1375 | D:2      | HP: 6/15 [goblin/dagger[Robin] (2)]
  1380 | D:1      | HP: 1/15 [goblin/dagger[Robin] (2)]
  1381 | D:1      | Slain by a goblin

Vault maps used:
D:1:      matt_arrival_los_fun
D:2:      uniq_sigmund, uniq_terence, uniq_robin

Skill      XL: |  1  2 |
---------------+-------+-----
Dodging        | 3 |  3.2
Stealth        | |  2.4
Shields        | |  0.1
Spellcasting   | |  4.4
Conjurations   | |  1.8
Summonings     | |  1.1
Translocations | |  1.1

Action                   || total
-------------------------++-------
 Cast: Magic Dart        ||    44
  Eat: Chunk             ||     1
Armor: Robe              ||     3
Dodge: Dodged            ||    11
Block: Buckler           ||     3
